 Dungeon Crawl Stone Soup version 0.25-a0-166-g16436c4407 (webtiles) character file.

Game seed: 7400600272729048954, levelgen mode: deterministic

11480 Leeroy the Destroyer (level 11, -11/94 HPs)
             Began as a Yellow Draconian Conjurer on Nov 23, 2019.
             Was a High Priest of Okawaru.
             Mangled by Harold
             ... wielding a +0 war axe
              (23 damage)
             ... on level 9 of the Dungeon.
             The game lasted 00:47:59 (14251 turns).

Leeroy the Destroyer (Yellow Draconian Conjurer)   Turns: 14251, Time: 00:48:00

Health: -11/94     AC:  8    Str: 12    XL:     11   Next: 49%
Magic:  2/20       EV: 15    Int: 17    God:    Okawaru [*****.]
Gold:   586        SH:  0    Dex: 12    Spells: 2/22 levels left

rFire    . . .     SeeInvis .   G - +5 short sword of Dishonesty {vamp, MR+}
rCold    . . .     Gourm    .   (no shield)
rNeg     . . .     Faith    .   (armour unavailable)
rPois    .         Spirit   .   (helmet restricted)
rElec    .         Reflect  .   L - scarf {repulsion}
rCorr    +         Harm     .   m - +0 pair of gloves
MR       +....                  (no boots)
Stlth    ++........             o - amulet of regeneration
HPRegen  0.65/turn              (no ring)
MPRegen  0.17/turn              (no ring)

@: short of breath, marked, repel missiles
A: spit acid, unfitting armour, cold-blooded, acid resistance, AC +7
a: Breathe Acid, Heroism, Finesse, Renounce Religion


You were on level 9 of the Dungeon.
You worshipped Okawaru.
Okawaru was extremely pleased with you.
You were not hungry.

You visited 1 branch of the dungeon, and saw 11 of its levels.

You collected 586 gold pieces.

Inventory:

Hand Weapons
 c - a +0 club
 g - a +0 short sword
 i - a +0 club
 l - a +0 dagger
 q - a +0 hunting sling
 s - a +0 dagger of speed
 y - a +0 whip of flaming
 G - the +5 short sword of Dishonesty (weapon) {vamp, MR+}
   (You found it on level 7 of the Dungeon)

   It inflicts no extra harm, but heals its wielder when it wounds a living foe.
   It affects your resistance to hostile enchantments.
 I - a +0 long sword
 M - a +2 dagger of venom
 T - a +1 scimitar
 Y - a +0 long sword
Missiles
 p - 230 stones (quivered)
 t - 29 poisoned darts
 u - 3 boomerangs
 w - 5 atropa-tipped darts
 x - 4 silver javelins
 C - 242 arrows
 U - 6 javelins
Armour
 m - a +0 pair of gloves (worn)
 L - a scarf of repulsion (worn)
 Z - a +2 large shield
Jewellery
 o - an amulet of regeneration (around neck)
 D - an uncursed ring of fire {unknown}
 E - an uncursed amulet of harm
 H - a +1 ring of evasion {unknown}
 J - an uncursed amulet of the gourmand {unknown}
 N - an uncursed ring of fire {unknown}
Wands
 v - a wand of iceblast (7)
 z - a wand of disintegration (15)
 A - a wand of random effects (31)
 F - a wand of digging (7)
 S - a wand of enslavement (26)
 V - a wand of polymorph (7)
Scrolls
 a - 3 scrolls of remove curse
 d - a scroll of fear
 e - 5 scrolls of teleportation {unknown}
 f - 2 scrolls of random uselessness {unknown}
 j - 4 scrolls of amnesia {unknown}
 k - 3 scrolls of enchant weapon {unknown}
 n - 7 scrolls of identify {unknown}
 r - 2 scrolls of magic mapping {unknown}
Potions
 h - a potion of ambrosia {unknown}
 B - a potion of haste {unknown}
 K - a potion of might
 O - a potion of lignification {unknown}
 P - 2 potions of mutation {unknown}
 W - a potion of flight {unknown}
Comestibles
 b - 7 rations


   Skills:
 - Level 8.2 Fighting
 - Level 5.0 Short Blades
 + Level 6.1 Dodging
 - Level 1.7 Stealth
 - Level 6.3 Spellcasting
 - Level 11.5 Conjurations
 - Level 7.2 Poison Magic


You had 2 spell levels left.
You knew the following spells:

 Your Spells              Type           Power        Failure   Level  Hunger
a - Magic Dart            Conj           ####         1%          1    None
b - Searing Ray           Conj           #####.       1%          2    None
c - Iskenderun's Mystic   Conj           #####...     1%          4    ####...
d - Venom Bolt            Conj/Pois      #####.....   8%          5    #####..
e - Iron Shot             Conj/Erth      ###.......   87%         6    #######
f - Swiftness             Chrm/Air       #.......     19%         2    None

Your spell library contained the following spells:

 Spells                   Type           Power        Failure   Level  Hunger
 Flame Tongue             Conj/Fire      ###..        1%          1    None
 Shock                    Conj/Air       ###.         1%          1    None
 Throw Flame              Conj/Fire      ###...       1%          2    None
 Animate Skeleton         Necr           N/A          13%         1    None
 Apportation              Tloc           #.....       13%         1    None
 Confusing Touch          Hex            #.....       13%         1    None
 Summon Small Mammal      Summ           #...         13%         1    None
 Call Imp                 Summ           #.......     19%         2    None
 Conjure Flame            Conj/Fire      ###.....     3%          3    ##.....
 Dazzling Spray           Conj/Hex       ###...       3%          3    ##.....
 Mephitic Cloud           Conj/Pois/Air  ####....     3%          3    ##.....
 Static Discharge         Conj/Air       ###.....     3%          3    ##.....
 Stone Arrow              Conj/Erth      ###...       3%          3    ##.....
 Force Lance              Conj/Tloc      ###.....     12%         4    ####...
 Fulminant Prism          Conj/Hex       ###.......   12%         4    ####...
 Sticky Flame             Conj/Fire      ###.....     12%         4    ####...
 Fireball                 Conj/Fire      ###.......   32%         5    #####..
 Iskenderun's Battlesphe  Conj/Chrm      ###.....     32%         5    #####..
 Lightning Bolt           Conj/Air       ###.......   32%         5    #####..
 Call Canine Familiar     Summ           #.......     36%         3    ##.....
 Inner Flame              Hex/Fire       #.......     36%         3    ##.....
 Spectral Weapon          Hex/Chrm       #.......     36%         3    ##.....
 Summon Guardian Golem    Hex/Summ       #.......     36%         3    ##.....
 Tukima's Dance           Hex            #.......     36%         3    ##.....
 Bolt of Magma            Conj/Fire/Erth ###.......   58%         5    #####..
 Orb of Destruction       Conj           #####.....   67%         7    #######
 Airstrike                Air            #.........   77%         4    ####...
 Summon Ice Beast         Ice/Summ       #.......     77%         4    ####...
 Summon Lightning Spire   Summ/Air       #.......     77%         4    ####...
 Bolt of Fire             Conj/Fire      ###.......   87%         6    #######
 Spellforged Servitor     Conj/Summ      ###.......   100%        7    #######


Dungeon Overview and Level Annotations

Branches:
Dungeon (11/15)            Temple (0/1) D:6            Lair (0/6) D:8
    Orc: D:9-12

Altars:
Okawaru
Xom
Beogh

Shops:
D:10 *

Annotations:
D:7 Erica
D:8 3 runed translucent doors, skk's ghost, novice DDFi
D:9 Harold


Innate Abilities, Weirdness & Mutations

You can spit globs of acid.
Your golden yellow scales are hard. (AC +7)
You cannot fit into any form of body armour.
You are cold-blooded and may be slowed by cold attacks.
You are resistant to acid. (rCorr)


Message History

Harold is almost dead.
Harold closely misses you.
You barely miss Harold. You tail-slap Harold.
Harold is almost dead.
You hit Harold.
You feel better.
Harold is almost dead.
Harold hits you with a +0 war axe!
* * * LOW HITPOINT WARNING * * *
Okay, then.
You barely miss Harold. You tail-slap Harold.
Harold is almost dead.
Harold hits you with a +0 war axe!
* * * LOW HITPOINT WARNING * * *
Okay, then.
Harold casts a spell at you. The harpoon shot hits you!
* * * LOW HITPOINT WARNING * * *
You are yanked forward by the harpoon shot.
You feel better. Harold hits you with a +0 war axe!!
You die...

###...####..###....
##.#..##.......#....
#..........##....###
#................###
##................##
#..................#
###.................
#####...)..............
##..#[>@@............#..
#....[÷.............###.
#....÷................##
##...##.............##.#.
#.....#..................
#.....##..............###
###....##.............##.
#.....##.......####....
##............######...


You could see Harold.

Vanquished Creatures
  4 two-headed ogres
  Urug (D:10)
  Pikel (D:4)
  2 trolls (D:10)
  Grinder (D:3)
  2 hippogriffs
  2 wyverns
  11 yaks (D:10)
  A steam dragon (D:8)
  Menkaure (D:5)
  2 hungry ghosts
  A warg (D:10)
  A water moccasin (D:10)
  3 orc warriors
  3 sky beasts
  2 ice beasts
  3 phantoms
  4 ogres
  9 centaurs
  4 bullfrogs
  A water moccasin zombie (D:8)
  A scorpion (D:4)
  A jelly (D:8)
  6 killer bees (D:8)
  3 howler monkeys (D:10)
  5 crimson imps
  5 hounds
  2 bullfrog skeletons
  A centaur skeleton (D:4)
  5 orc priests
  2 quasits
  12 orc wizards
  2 iguanas
  6 worker ants
  2 hound skeletons
  A worker ant zombie (D:10)
  Robin (D:2)
  7 gnolls
  17 adders
  4 shadow imps
  An ooze (D:6)
  An adder zombie (D:4)
  2 adder skeletons (D:4)
  3 worms
  3 dart slugs
  7 leopard geckos
  30 orcs
  3 giant cockroaches
  18 goblins
  8 hobgoblins
  11 jackals
  5 quokkas
  A ball python (D:4)
  7 bats
  7 frilled lizards
  7 kobolds
  9 rats
265 creatures vanquished.

Vanquished Creatures (others)
  A sky beast (D:5)
  A slave (D:5)
  A shadow imp (D:5)
  2 jackals (D:5)
  A quokka skeleton (D:5)
  A quokka zombie (D:5)
7 creatures vanquished.

Grand Total: 272 creatures vanquished

Notes
Turn   | Place    | Note
-------+----------+-------------------------------------------
     0 | D:1      | Leeroy the Draconian Conjurer began the quest for the Orb.
     0 | D:1      | Reached XP level 1. HP: 14/14 MP: 3/3
   141 | D:1      | Reached XP level 2. HP: 15/20 MP: 0/5
   290 | D:1      | Learned a level 2 spell: Searing Ray
   462 | D:1      | Reached skill level 5 in Conjurations
   614 | D:1      | Reached XP level 3. HP: 26/26 MP: 6/6
  1076 | D:2      | Found a shimmering altar of Xom.
  1153 | D:2      | Reached XP level 4. HP: 26/33 MP: 7/7
  1165 | D:2      | Learned a level 4 spell: Iskenderun's Mystic Blast
  1398 | D:2      | Reached skill level 6 in Conjurations
  2126 | D:3      | Reached XP level 5. HP: 23/38 MP: 4/8
  2260 | D:3      | Noticed Robin
  2448 | D:2      | Killed Robin
  3174 | D:3      | Noticed Grinder
  3735 | D:4      | Reached XP level 6. HP: 45/45 MP: 7/12
  4256 | D:4      | Reached skill level 5 in Spellcasting
  4735 | D:4      | Your scales start taking on a golden yellow colour.
  4735 | D:4      | Reached XP level 7. HP: 33/50 MP: 9/15
  4735 | D:4      | Gained mutation: You are resistant to acid. (rCorr) [Yellow
                  | Draconian growth]
  4956 | D:5      | Entered Level 5 of the Dungeon
  4965 | D:5      | Noticed Menkaure
  5114 | D:5      | Killed Menkaure
  5196 | D:5      | Reached skill level 1 in Fighting
  5203 | D:5      | Noticed Pikel
  5475 | D:4      | Killed Pikel
  5475 | D:4      | Reached XP level 8. HP: 46/70 MP: 11/17
  5852 | D:3      | Paralysed by Grinder for 3 turns
  5857 | D:3      | Killed Grinder
  6874 | D:6      | Reached skill level 1 in Short Blades
  7044 | D:6      | Reached XP level 9. HP: 81/81 MP: 1/18
  7063 | D:6      | Found an iron altar of Okawaru.
  7075 | D:6      | Became a worshipper of Warmaster Okawaru
  7091 | D:6      | Learned a level 5 spell: Venom Bolt
  7098 | D:6      | Learned a level 6 spell: Iron Shot
  7366 | D:8      | Reached skill level 5 in Short Blades
  7646 | D:7      | Reached skill level 1 in Poison Magic
  7838 | D:7      | Got a faintly glowing short sword
  7839 | D:7      | Identified the +5 short sword of Dishonesty {vamp, MR+}
                  | (You found it on level 7 of the Dungeon)
  8626 | D:8      | Found a staircase to the Lair.
  8653 | D:8      | Found a runed translucent gate.
  8656 | D:8      | Found a runed translucent gate.
  8656 | D:8      | Noticed skk's ghost (novice DDFi)
  8656 | D:8      | Identified the +9 plate armour of Efaiffom {rC+}
  8657 | D:8      | Found a runed translucent gate.
  8660 | D:8      | Found a roughly hewn altar of Beogh.
  8688 | D:8      | Noticed Erica
  9152 | D:6      | Found a staircase to the Ecumenical Temple.
  9217 | D:6      | Reached skill level 5 in Poison Magic
  9420 | D:6      | Reached * piety under Okawaru
 10060 | D:8      | Learned a level 2 spell: Swiftness
 10976 | D:9      | Noticed a two-headed ogre
 11000 | D:10     | Entered Level 10 of the Dungeon
 11064 | D:10     | Found Ziarism's General Store.
 11120 | D:10     | Reached XP level 10. HP: 70/88 MP: 8/19
 11127 | D:10     | Noticed a two-headed ogre
 11156 | D:10     | Noticed Urug
 11281 | D:10     | Killed a two-headed ogre
 11281 | D:10     | Reached ** piety under Okawaru
 11281 | D:10     | Reached skill level 7 in Conjurations
 11311 | D:10     | Reached skill level 8 in Conjurations
 11398 | D:10     | Identified the Almanac of Battle Magic and Enchantment
 11578 | D:10     | Noticed a two-headed ogre
 11616 | D:10     | Killed a two-headed ogre
 11616 | D:10     | Reached *** piety under Okawaru
 11616 | D:10     | Reached skill level 9 in Conjurations
 12120 | D:10     | Reached skill level 10 in Conjurations
 12219 | D:10     | Killed Urug
 12400 | D:10     | Reached **** piety under Okawaru
 12400 | D:10     | Reached skill level 11 in Conjurations
 12405 | D:10     | Reached XP level 11. HP: 73/94 MP: 7/20
 13605 | D:9      | Killed a two-headed ogre
 13682 | D:9      | Reached ***** piety under Okawaru
 13967 | D:10     | Reached skill level 5 in Dodging
 14170 | D:9      | Noticed a two-headed ogre
 14171 | D:9      | Noticed Harold
 14182 | D:9      | Killed a two-headed ogre
 14250 | D:9      | HP: 1/94 [Harold/harpoon shot (16)]
 14251 | D:9      | Mangled by Harold

Levels and vault maps discovered:
D:1:      nagdon_arrival_zigzag_paths, layout_basic
D:2:      layout_loops_corners, nicolae_overflow_crystal_walls, first_ration
D:3:      layout_rooms, st_stairs_8, minmay_misc_feat_columns,
          chequers_serial_rivers_small_3, uniq_grinder, uniq_robin
D:4:      layout_loops_ring
D:5:      layout_basic, chequers_ossuary_entry_cave, uniq_menkaure, uniq_pikel
D:6:      layout_basic, minmay_temple_entry_antechambers, serial_park_tiny_1,
          kennysheep_okawaru_gauntlet
D:7:      layout_cave_pods
D:8:      layout_basic, lair_entry_dummy, biasface_ghost_orc_armoury,
          grunt_tough_drop, uniq_erica
D:9:      layout_cave_pools, minivault_24, uniq_harold
D:10:     layout_layer_cave, serial_shops, nicolae_shop_window_shopping,
          uniq_urug
D:11:     layout_long_grid, erik_orc_4, serial_shops, shop, grunt_livestock

Skill      XL: |  1  2  3  4  5  6  7  8  9 10 11 |
---------------+----------------------------------+-----
Conjurations   | 5 6 11 | 11.5
Spellcasting   | 4 5 6 |  6.3
Fighting       | 6 8 |  8.2
Short Blades   | 3 5 |  5.0
Poison Magic   | 7 |  7.2
Dodging        | 6 |  6.1
Stealth        | |  1.7

Action                   |  1- 3 |  4- 6 |  7- 9 | 10-12 || total
-------------------------+-------+-------+-------+-------++-------
Melee: Club              |     4 |       |       |       ||     4
       Short sword       |   137 |   285 |   439 |   339 ||  1200
       Tailslap          |     9 |    22 |    43 |    41 ||   115
 Cast: Magic Dart        |     9 |     3 |     1 |       ||    13
       Searing Ray       |     2 |    11 |     6 |       ||    19
       Iskenderun's Myst |       |    24 |    40 |    16 ||    80
       Venom Bolt        |       |       |    16 |    42 ||    58
Invok: Heroism           |       |       |     1 |     4 ||     5
 Abil: Breathe Acid      |       |       |     6 |     6 ||    12
Evoke: Wand              |       |       |     1 |       ||     1
  Use: Potion            |     3 |       |     3 |     2 ||     8
       Scroll            |       |       |     3 |       ||     3
 Stab: Sleeping          |     2 |     2 |     5 |     1 ||    10
  Eat: Chunk             |     1 |    17 |    17 |    24 ||    59
       Ration            |       |       |     5 |     2 ||     7
Armor: Skin              |    55 |   108 |   218 |   158 ||   539
Dodge: Dodged            |   125 |   216 |   347 |   319 ||  1007
       Deflected         |       |       |       |    10 ||    10

Table legend:
 A = Non-vault XP
 B = Vault XP
 C = Vault XP percentage of total XP
 D = Non-vault monster count
 E = Vault monster count
 F = Vault count percentage of total count
                 A         B        C        D         E       F
            +---------+---------+-------+---------+---------+-------
      Total |   13848 |    2552 |  15.6 |     241 |      24 |   9.1
            +---------+---------+-------+---------+---------+-------
        D:1 |      47 |       0 |   0.0 |      27 |       0 |   0.0
        D:2 |     129 |      19 |  12.8 |      27 |       3 |  10.0
        D:3 |     116 |     285 |  71.1 |      22 |       9 |  29.0
        D:4 |     684 |     673 |  49.6 |      33 |       1 |   2.9
        D:5 |     251 |     172 |  40.7 |       6 |       1 |  14.3
        D:6 |     995 |       4 |   0.4 |      28 |       2 |   6.7
        D:7 |     410 |       0 |   0.0 |      12 |       0 |   0.0
        D:8 |    1045 |     307 |  22.7 |      13 |       2 |  13.3
        D:9 |    2419 |       0 |   0.0 |      21 |       0 |   0.0
       D:10 |    7141 |    1005 |  12.3 |      45 |       2 |   4.3
       D:11 |     611 |      87 |  12.5 |       7 |       4 |  36.4
            +---------+---------+-------+---------+---------+-------
